 Dungeon Crawl Stone Soup version 0.28.0-53-g5a82cb258f (webtiles) character file.

Game seed: 13555533902996340698

16069 dozzold the Carver (level 12, -6/75 HPs)
             Began as a Gargoyle Fighter on May 28, 2022.
             Was an Initiate of Yredelemnul.
             Mangled by a nine-headed hydra (11 damage)
             ... on level 4 of the Lair of Beasts.
             The game lasted 00:28:01 (12278 turns).

dozzold the Carver (Gargoyle Fighter)              Turns: 12278, Time: 00:28:01

Health: -6/75      AC: 27    Str: 34    XL:     12   Next: 33%
Magic:  12/12      EV: 11    Int:  8    God:    Yredelemnul [......]
Gold:   1721       SH:  5    Dex: 13    Spells: 11/11 levels left

rFire   x x .      SeeInvis .   p - +10 falchion "Kuong" {vorpal, rF- Will++ Str+2 Dex+4}
rCold   + + .      Faith    .   c - +0 buckler
rNeg    + . .      Spirit   .   r - +1 ice dragon scales
rPois   ∞          Reflect  .   C - +0 helmet
rElec   +          Harm     .   (no cloak)
rCorr   .          Rampage  .   (no gloves)
Will    ++...                   w - +2 pair of boots
Stlth   ..........              (no amulet)
HPRegen 0.22/turn               o - +6 ring of strength
MPRegen 0.13/turn               (no ring)

@: mighty, on berserk cooldown, slowed, very slow
A: sickness immunity, AC +8, negative energy resistance 1, electricity
resistance, torment resistance 1, petrification resistance
a: Renounce Religion, Recall Undead Harvest


You were on level 4 of the Lair of Beasts.
You worshipped Yredelemnul.
Yredelemnul was noncommittal.
You visited 3 branches of the dungeon, and saw 16 of its levels.
You also visited: Bailey.

You collected 1721 gold pieces.

Inventory:

Hand Weapons
 a - the +7 staff of the Meek {protect, meekguard}
   (You found it on level 10 of the Dungeon)

   It grants its wielder temporary protection when it strikes (+7 to AC).
   It provides extra protection to wielders with little health.
 p - the +10 falchion "Kuong" (weapon) {vorpal, rF- Will++ Str+2 Dex+4}
   (You found it on level 3 of the Dungeon)

   It inflicts extra damage upon your enemies.
   Str:       It affects your strength (+2).
   Dex:       It affects your dexterity (+4).
   rF:        It makes you vulnerable to fire.
   Will:      It greatly increases your willpower.
Armour
 c - a +0 buckler (worn)
 r - +1 ice dragon scales (worn)
 w - a +2 pair of boots (worn)
 C - a +0 helmet (worn)
Jewellery
 o - a +6 ring of strength (left hand)
Wands
 b - a wand of flame (1)
Scrolls
 g - 3 scrolls of magic mapping
 i - 3 scrolls of fear
 l - 6 scrolls of teleportation
 n - 3 scrolls of enchant weapon {unknown}
 q - a scroll of torment {unknown}
Potions
 d - a potion of might
 f - a potion of mutation {unknown}
 h - 2 potions of attraction {unknown}
 j - 6 potions of brilliance
 k - 2 potions of haste {unknown}
 m - a potion of lignification {unknown}
 u - 2 potions of curing
 D - a potion of flight {unknown}


   Skills:
 + Level 8.3 Fighting
 + Level 13.3 Long Blades
 - Level 4.7 Maces & Flails
 + Level 9.7 Armour
 + Level 3.6 Dodging
 + Level 6.3 Shields


You had 11 spell levels left.
You didn't know any spells.
Your spell library contained the following spells:

 Spells                   Type           Power      Damage    Failure   Level
 Poisonous Vapours        Pois/Air       0%         N/A       85%         2
 Static Discharge         Conj/Air       0%         N/A       85%         2
 Frozen Ramparts          Ice            0%         1d2       97%         3
 Gell's Gravitas          Tloc           0%         N/A       97%         3
 Teleport Other           Tloc           0%         N/A       97%         3
 Dispel Undead            Necr           0%         3d6       100%        4
 Ice Form                 Ice/Tmut       0%         N/A       100%        4
 Petrify                  Tmut/Erth      0%         N/A       100%        4
 Sticky Flame             Conj/Fire      0%         2d3       100%        4
 Summon Ice Beast         Ice/Summ       0%         N/A       100%        4
 Metabolic Englaciation   Hex/Ice        0%         N/A       100%        5
 Dispersal                Tloc           0%         N/A       100%        6
 Eringya's Noxious Bog    Tmut/Pois      0%         N/A       100%        6
 Ignition                 Fire           0%         3d3       100%        8
 Statue Form              Tmut/Erth      Unusable   N/A       N/A         6

Dungeon Overview and Level Annotations

Branches:
Dungeon (11/15)            Temple (1/1) D:6            Lair (4/6) D:9
    Orc (0/2) D:9          Bailey (visited)
  Swamp: Lair:2-4    Shoals: Lair:2-4     Snake: Lair:2-4    Spider: Lair:2-4

Altars:
Ashenzari
Cheibriados
Dithmenos
Elyvilon
Fedhas
Gozag
Hepliaklqana
Kikubaaqudgha
Makhleb
Nemelex Xobeh
Okawaru
Qazlal
Ru
Sif Muna
Trog
Uskayaw
Vehumet
Wu Jian
Xom
Yredelemnul
Zin
The Shining One

Shops:
D:6 =   D:7 :

Annotations:
D:7 2 transporters, Zeld's ghost, novice DECj
D:11 3 runed translucent doors, boopmooplesden's ghost, journeyman MiBe


Innate Abilities, Weirdness & Mutations

You are immune to sickness and miasma.
Your stone body is resilient. (AC +8)
You are immune to poison.
You resist negative energy. (rN+)
You are resistant to electric shocks. (rElec)
You are resistant to unholy torment.
You are immune to petrification.


Message History

The blink frog blinks!
Your cane toad zombie barely misses the blink frog.
Your water moccasin zombie bites the blink frog.
The blink frog hits your water moccasin zombie!
Your water moccasin zombie is destroyed!
There is a stone staircase leading down here.
The blink frog blinks! x2; You block the blink frog's attack.
The blink frog blinks!
The blink frog hits you.
* * * LOW HITPOINT WARNING * * *
Your cane toad zombie closely misses the blink frog.
You climb downwards.
You can no longer trade souls for undead servants.
The eight-headed hydra roars!
There is a stone staircase leading up here.
You feel very mighty all of a sudden. The eight-headed hydra bites you.
* * * LOW HITPOINT WARNING * * *
You block the eight-headed hydra's attack.
The eight-headed hydra bites you but does no damage. x2
You block the eight-headed hydra's attack.
The eight-headed hydra barely misses you.
The eight-headed hydra bites you but does no damage.
The eight-headed hydra closely misses you.
The eight-headed hydra bites you but does no damage. x2
The eight-headed hydra bites you!
* * * LOW HITPOINT WARNING * * *
The eight-headed hydra completely misses you. x2
The eight-headed hydra bites you but does no damage.
The eight-headed hydra closely misses you.
The eight-headed hydra bites you but does no damage.
You hack one of the eight-headed hydra's heads off!
The seven-headed hydra grows two more!
You slash the nine-headed hydra!
The nine-headed hydra is lightly wounded.
The nine-headed hydra bites you but does no damage.
The nine-headed hydra misses you.
The nine-headed hydra barely misses you.
The nine-headed hydra bites you but does no damage. x4
The nine-headed hydra bites you!
You die...
Your body rises from the dead as a mindless zombie.

...... ......
.# ...... .P.
###...... ...P
#P.......
.....##P.......
...............
.......@D......
##.............
#.#...........
#####.......
....... .......
....... .......


You could see a nine-headed hydra.

Vanquished Creatures
  A two-headed ogre (D:10)
  A manticore (D:11)
  A cyclops (D:11)
  7 elephants
  2 cane toads
  A rime drake (Lair:1)
  2 trolls
  4 blink frogs (Lair:1)
  A vampire (D:10)
  Sigmund (D:3)
  A shadow (D:10)
  22 yaks
  A wraith (D:11)
  A steam dragon (D:8)
  5 water moccasins
  2 black bears
  5 orc warriors (Bailey)
  An ice beast (D:5)
  2 necrophages
  4 ogres
  3 centaurs
  2 phantoms (D:6)
  5 kobold brigands
  4 bullfrogs
  3 scorpions
  11 killer bees
  8 wights (D:9)
  An electric eel (D:7)
  A lava snake (D:7)
  4 howler monkeys
  A crimson imp (D:8)
  2 centaur zombies
  3 jellies
  2 hounds
  2 orc priests
  2 gnoll shamans
  Crazy Yiuf (D:3)
  Jessica (D:2)
  Terence (D:2)
  Natasha (thrice) (D:3)
  4 iguanas
  10 orc wizards
  2 killer bee zombies
  13 gnolls
  A howler monkey zombie (D:9)
  6 adders
  2 howler monkey skeletons
  2 white imps
  2 adder skeletons (D:4)
  A worm (D:7)
  3 dart slugs
  13 orcs
  4 endoplasms
  8 goblins
  4 hobgoblins
  8 jackals
  3 quokkas
  10 ball pythons
  2 bats
  2 frilled lizards (D:2)
  12 kobolds
  10 rats
  A bush (Lair:1)
248 creatures vanquished.

Vanquished Creatures (collateral kills)
  A cyclops (D:7)
  5 yaks
  A black bear (Lair:2)
  A killer bee (D:10)
  3 howler monkeys (D:8)
  An orc wizard (D:8)
  An orc (D:8)
  2 kobolds (Bailey)
15 creatures vanquished.

Vanquished Creatures (others)
  An elephant zombie (Lair:3)
  3 water moccasin zombies
  A bullfrog zombie (Lair:1)
  3 howler monkey zombies (D:8)
  A goblin zombie (D:7)
  6 kobold zombies
  2 orc zombies
  2 rat zombies (D:7)
  4 fungi (Lair:3)
  3 plants
26 creatures vanquished.

Grand Total: 289 creatures vanquished

Notes
Turn   | Place    | Note
-------+----------+-------------------------------------------
     0 | D:1      | dozzold the Gargoyle Fighter began the quest for the Orb.
     0 | D:1      | Reached XP level 1. HP: 14/14 MP: 1/1
   249 | D:1      | Noticed a great orb of eyes
   255 | D:1      | Found a faded altar of an unknown god.
   257 | D:1      | Noticed a golden eye
   257 | D:1      | Noticed a shining eye
   257 | D:1      | Noticed a golden eye
   334 | D:1      | Reached XP level 2. HP: 19/19 MP: 2/2
   916 | D:2      | Noticed Terence
   932 | D:2      | Killed Terence
   933 | D:2      | Reached XP level 3. HP: 5/23 MP: 3/3
  1209 | D:2      | Noticed Jessica
  1213 | D:2      | Killed Jessica
  1214 | D:2      | Reached XP level 4. HP: 28/28 MP: 4/4
  2101 | D:3      | Found a runed translucent door.
  2102 | D:3      | Noticed Crazy Yiuf
  2168 | D:3      | Identified the +10 falchion "Kuong" {vorpal, rF- Will++
                  | Str+2 Dex+4}
  2206 | D:3      | Noticed Natasha
  2211 | D:3      | Killed Natasha
  2212 | D:3      | Reached skill level 1 in Long Blades
  2212 | D:3      | Reached XP level 5. HP: 32/32 MP: 5/5
  2293 | D:3      | Noticed Natasha
  2297 | D:3      | Killed Natasha
  2368 | D:3      | Noticed Natasha
  2373 | D:3      | Killed Natasha
  2374 | D:3      | Reached skill level 2 in Long Blades
  2555 | D:3      | Noticed Sigmund
  2562 | D:3      | Killed Sigmund
  2563 | D:3      | Reached skill level 4 in Long Blades
  2563 | D:3      | Reached XP level 6. HP: 34/37 MP: 6/6
  2655 | D:3      | Killed Crazy Yiuf
  2712 | D:4      | Reached XP level 7. HP: 41/41 MP: 7/7
  2728 | D:4      | Reached skill level 5 in Long Blades
  2906 | D:4      | Found a sacrificial altar of Ru.
  2943 | D:4      | Found an opulent altar of Gozag.
  3158 | D:4      | Reached skill level 6 in Long Blades
  3525 | D:5      | Entered Level 5 of the Dungeon
  3549 | D:5      | Found a radiant altar of Vehumet.
  3555 | D:5      | Reached skill level 7 in Long Blades
  3555 | D:5      | Reached XP level 8. HP: 46/46 MP: 8/8
  3559 | D:5      | Found a hide-covered altar of Uskayaw.
  4399 | D:6      | Reached skill level 8 in Long Blades
  4496 | D:6      | Got the Incunabulum of Blistering Poison
  4567 | D:6      | Found Tidoiveku's Jewellery Emporium.
  4582 | D:6      | Reached XP level 9. HP: 52/52 MP: 9/9
  4613 | D:6      | Reached skill level 9 in Long Blades
  4746 | D:6      | Found a staircase to the Ecumenical Temple.
  4843 | D:6      | Found a snail-covered altar of Cheibriados.
  4843 | D:6      | Found a glowing golden altar of the Shining One.
  4880 | D:6      | Found a stormy altar of Qazlal.
  5063 | Temple   | Entered the Ecumenical Temple
  5172 | Temple   | Became a worshipper of Yredelemnul the Dark
  5234 | D:7      | Found Siokai's Book Shoppe.
  5273 | D:7      | Reached * piety under Yredelemnul
  5281 | D:7      | Reached ** piety under Yredelemnul
  5285 | D:7      | Found a flagged portal.
  5314 | Bailey   | Entered a bailey
  5406 | Bailey   | Reached skill level 5 in Armour
  5406 | Bailey   | Reached skill level 1 in Dodging
  5559 | Bailey   | Found a bloodstained altar of Trog.
  5936 | D:7      | Found a transporter.
  5938 | D:7      | Noticed Zeld's ghost (novice DECj)
  5957 | D:7      | Found a transporter.
  6068 | D:7      | Noticed a cyclops
  6080 | D:7      | Killed a cyclops
  6081 | D:7      | Reached skill level 5 in Fighting
  6081 | D:7      | Reached skill level 10 in Long Blades
  6081 | D:7      | Reached XP level 10. HP: 59/59 MP: 10/10
  6106 | D:7      | Noticed a moth of wrath
  6118 | D:7      | Found a bloodstained altar of Trog.
  6126 | D:7      | Reached *** piety under Yredelemnul
  6304 | D:7      | Identified the +1 cloak "Fiocetio" {rC+ Will+ Slay-2
                  | Stlth+}
  6654 | D:7      | Found a faded altar of an unknown god.
  6654 | D:7      | Found a faded altar of an unknown god.
  6656 | D:7      | Found a hazy altar of Hepliaklqana.
  6656 | D:7      | Found a faded altar of an unknown god.
  7474 | D:8      | Reached **** piety under Yredelemnul
  7476 | D:8      | Reached ***** piety under Yredelemnul
  7616 | D:9      | Reached skill level 11 in Long Blades
  7893 | D:9      | Found an ornate altar of the Wu Jian Council.
  7922 | D:9      | Reached skill level 5 in Shields
  8195 | D:9      | Found a broken altar of Ashenzari.
  8225 | D:9      | Found a staircase to the Lair.
  8284 | D:9      | Found a staircase to the Orcish Mines.
  8382 | D:9      | Found a shadowy altar of Dithmenos.
  8382 | D:9      | Found a sparkling altar of Nemelex Xobeh.
  8464 | D:10     | Entered Level 10 of the Dungeon
  8606 | D:10     | Found the +7 staff of the Meek {protect, meekguard}
  8608 | D:10     | Noticed a two-headed ogre
  8617 | D:10     | Killed a two-headed ogre
  8618 | D:10     | Reached XP level 11. HP: 36/64 MP: 11/11
  9323 | D:11     | Noticed a cyclops
  9329 | D:11     | Killed a cyclops
  9369 | D:11     | Noticed a manticore
  9374 | D:11     | Killed a manticore
  9379 | D:11     | Found a sacrificial altar of Ru.
  9492 | D:11     | Found a runed translucent gate.
  9492 | D:11     | Found a runed translucent gate.
  9492 | D:11     | Found a runed translucent gate.
  9492 | D:11     | Noticed a manticore
  9520 | D:11     | Noticed a minotaur
  9528 | D:11     | Noticed boopmooplesden's ghost (journeyman MiBe)
  9713 | D:11     | Reached skill level 12 in Long Blades
 10310 | Lair:1   | Entered Level 1 of the Lair of Beasts
 11870 | Lair:2   | Reached XP level 12. HP: 50/72 MP: 12/12
 12007 | Lair:2   | Reached skill level 13 in Long Blades
 12220 | Lair:2   | You fall into a shaft and drop 2 floors!
 12276 | Lair:4   | Noticed an eight-headed hydra
 12278 | Lair:4   | Mangled by a nine-headed hydra

Illustrated notes

Levels and vault maps discovered:
D:1:      saegor_arrival_simple_a, layout_basic,
          hellmonk_ecumenical_altar_watching_god, nrook_mini_vaults
D:2:      layout_loops_ring, uniq_jessica, uniq_terence
D:3:      layout_rooms, uniq_natasha, uniq_sigmund, uniq_crazy_yiuf_cottage
D:4:      layout_loops_ring, mainiacjoe_overflow_small_starburst,
          mainiacjoe_overflow_alcove_1
D:5:      layout_cave_pods, nicolae_vehumet_altar_sigil,
          overflow_temple_1_default
D:6:      layout_cave_pools, gammafunk_temple_overflow_forgotten,
          minmay_temple_entry_poolview, serial_shops, shop_statue,
          serial_bayou_pond_e, chequers_serial_rivers_large_b
D:7:      layout_loops_ring, tgw_trog, nicolae_hepliaklqana_ecumenical_no_more,
          gammafunk_ghost_arena, enter_bailey_3, nicolae_take_the_stairs,
          hangedman_decor_riveting, minivault_10, nicolae_lava_and_water
D:8:      layout_loops_ring, minmay_misc_feat_tiny, grunt_ministairs_11,
          minmay_fire_ice_demons
D:9:      layout_big_octagon, nicolae_wu_jian_wuxing_cycle,
          mainiacjoe_overflow_surrounded_room, gammafunk_temple_overflow_wave,
          lair_entry_dummy
D:10:     layout_rooms
D:11:     layout_stronghold, serial_column_ruins, column_ruins_open_small,
          column_ruins_open_tiny, column_ruins_grid_3,
          column_ruins_columns_corner, column_ruins_open_small,
          column_ruins_corridor_straight, maelrawn_ghost_gauntlet_escape,
          nicolae_ru_the_path_less_chosen
Temple:   kb_temple_of_zot
Lair:1:   layout_hall_layers, infiniplex_staircase_pool_2, grunt_megastairs_1
Lair:2:   dragon1_lemuel, layout_big_grid, grunt_megastairs_3
Lair:3:   layout_chaotic_city, dummy_snake_entry, infiniplex_staircase_pool,
          serial_bayou_shore_b
Lair:4:   layout_hall_layers, minmay_shoals_entry_lonely_mermaid,
          ebering_ghost_rock_garden, grunt_megastairs_5

Skill      XL: |  1  2  3  4  5  6  7  8  9 10 11 12 |
---------------+-------------------------------------+-----
Maces & Flails | 3 4 |  4.7
Long Blades    | 1 4 7 8 10 11 12 13 | 13.3
Armour         | 4 6 7 9 |  9.7
Fighting       | 5 6 7 8 |  8.3
Dodging        | 1 2 3 |  3.6
Shields        | 4 5 6 |  6.3

Action                   |  1- 3 |  4- 6 |  7- 9 | 10-12 || total
-------------------------+-------+-------+-------+-------++-------
Melee: Flail             |    62 |    43 |       |       ||   105
       Falchion          |       |    34 |   224 |   410 ||   668
Invok: Recall Undead Har |       |       |     1 |       ||     1
Evoke: Wand              |       |       |       |     1 ||     1
  Use: Scroll            |       |       |     6 |    10 ||    16
       Potion            |       |       |     1 |     5 ||     6
 Stab: Distracted        |       |       |       |     1 ||     1
Armor: Scale mail        |    36 |    40 |       |       ||    76
       Ice dragon scales |       |     7 |   114 |   258 ||   379
Dodge: Dodged            |    26 |    39 |   107 |   182 ||   354
Block: Buckler           |    15 |     9 |    45 |    97 ||   166
